 Dungeon Crawl Stone Soup version 0.29-a0-330-g52719c12eb (webtiles) character file.

Game seed: 15681104918509460555

1172 Anon1729 the Chopper (level 8, 0/71 HPs)
             Began as a Minotaur Monk on May 7, 2022.
             Killed by divine providence
             ... invoked by an orc priest
              (14 damage)
             ... on level 5 of the Dungeon.
             The game lasted 00:08:45 (6158 turns).

Anon1729 the Chopper (Minotaur Monk)                Turns: 6158, Time: 00:08:46

Health: 0/71       AC: 15    Str: 18    XL:     8   Next: 18%
Magic:  7/7        EV:  6    Int:  7    God:
Gold:   244        SH:  0    Dex: 13    Spells: 7/7 levels left

rFire   . . .      SeeInvis .   a - +0 hand axe
rCold   . . .      Faith    .   (no shield)
rNeg    . . .      Spirit   .   F - +0 plate armour
rPois   .          Reflect  .   (helmet restricted)
rElec   .          Harm     .   (no cloak)
rCorr   .          Rampage  .   z - +0 pair of gloves
Will    .....                   A - +0 pair of boots
Stlth   ..........              (no amulet)
HPRegen 0.21/turn               (no ring)
MPRegen 0.10/turn               (no ring)

@: no status effects
A: horns 2, retaliatory headbutt
a: no special abilities


You were on level 5 of the Dungeon.
You visited 1 branch of the dungeon, and saw 5 of its levels.
You also visited: Ossuary.

You collected 244 gold pieces.

Inventory:

Hand Weapons
 a - a +0 hand axe (weapon)
Armour
 b - a +0 robe
 n - a +0 ring mail
 v - a +0 chain mail
 z - a +0 pair of gloves (worn)
 A - a +0 pair of boots (worn)
 F - a +0 plate armour (worn)
Wands
 s - a wand of flame (18)
 w - a wand of paralysis (3)
 B - a wand of acid (7)
Scrolls
 d - 7 scrolls of identify {unknown}
 f - a scroll of enchant weapon {unknown}
 g - a scroll of immolation {unknown}
 h - 2 scrolls of noise {unknown}
 m - 3 scrolls of amnesia {unknown}
 q - 3 scrolls of silence {unknown}
 r - a scroll of magic mapping {unknown}
 x - a scroll of fog {unknown}
 y - 4 scrolls of teleportation {unknown}
 E - 2 scrolls of torment {unknown}
 H - a scroll of fear {unknown}
Potions
 c - a potion of ambrosia
 e - a potion of cancellation {unknown}
 i - 2 potions of curing
 j - 2 potions of might {unknown}
 k - a potion of heal wounds {unknown}
 l - a potion of invisibility {unknown}
 o - 3 potions of mutation {unknown}
 p - 3 potions of berserk rage {unknown}
 t - a potion of brilliance {unknown}
 u - a potion of magic {unknown}
 C - a potion of haste {unknown}
 D - a potion of attraction {unknown}
 G - a potion of degeneration {unknown}


   Skills:
 + Level 6.8 Fighting
 + Level 6.9 Axes
 + Level 5.5 Armour
 - Level 3.4 Dodging
 + Level 4.6 Stealth


You had 7 spell levels left.
You didn't know any spells.
Your spell library contained the following spells:

 Spells                   Type           Power      Damage    Failure   Level
 Gell's Gravitas          Tloc           0%         N/A       100%        3
 Lesser Beckoning         Tloc           0%         N/A       100%        3
 Teleport Other           Tloc           0%         N/A       100%        3
 Freezing Cloud           Conj/Ice/Air   0%         6-21      100%        5
 Simulacrum               Ice/Necr       0%         N/A       100%        6
 Polar Vortex             Ice            0%         N/A       100%        9


Dungeon Overview and Level Annotations

Branches:
Dungeon (5/15)            Ossuary (visited)
 Temple: D:4-7

Altars:
Vehumet
Zin


Innate Abilities, Weirdness & Mutations

You have a pair of horns on your head.
You reflexively headbutt those who attack you in melee.


Message History

You hit the orc priest.
You hit the orc priest but do no damage.
The orc priest invokes the aid of Beogh against you.
Pain shoots through your body!
The orc priest hits you but does no damage.
The orc priest hits you with a +0 dagger.
The orc priest hits you but does no damage.
The orc closely misses you.
You closely miss the orc priest.
The orc priest is severely wounded.
You hit the orc priest. x2
You hit the orc priest but do no damage.
You hit the orc but do no damage.
The orc priest calls down the wrath of Beogh upon you.
Beogh smites you!
The orc priest hits you with a +0 flail.
The orc priest hits you but does no damage. x2
The orc barely misses you.
You hit the orc priest but do no damage.
The orc priest is severely wounded.
You closely miss the orc. You closely miss the orc priest.
You hit the orc priest. x2
The orc priest hits you but does no damage.
The orc priest calls down the wrath of Beogh upon you.
You struggle to resist.
The orc priest hits you but does no damage.
The orc priest calls down the wrath of Beogh upon you.
Beogh smites you! The orc hits you but does no damage.
You closely miss the orc priest.
The orc priest is severely wounded.
You hit the orc. You closely miss the orc priest.
You hit the orc priest but do no damage. x2
The orc priest hits you but does no damage.
The orc priest mumbles some strange prayers to Beogh against you.
Beogh smites you!
* * * LOW HITPOINT WARNING * * *
The orc priest hits you but does no damage.
The orc priest invokes the aid of Beogh against you.
Beogh smites you!
You die...

.###
#............##.######
...##
#...########.........#
...8#
###.......####.......#
...##
#######..####......##
######### ######..
#.......# .....##.#
##....>## ########..
....#...# ##.......#.##
. [..##.###
#.....oo....#
...>....###.....@o..#
.###.##.........oo..#
.....#####..........#
.##### ##............
.###########.......###..
.<..................# .
....#######.........#
....# #.........# ....#
.......


You could see 4 orc priests and an orc.

Vanquished Creatures
  An orc warrior (D:5)
  2 black bears
  2 ogres
  A scorpion (D:5)
  A centaur zombie (Ossuary)
  A jelly (D:5)
  2 human zombies (Ossuary)
  2 orc priests
  3 hounds
  2 iguanas
  4 orc wizards
  2 mummies (Ossuary)
  7 adders
  An ufetubus (D:5)
  2 adder zombies (Ossuary)
  A worm (D:3)
  3 dart slugs
  19 orcs
  11 ball pythons
  9 endoplasms
  4 giant cockroaches
  5 goblins
  6 hobgoblins
  2 jackals (D:1)
  6 kobolds
  11 quokkas
  5 bats
  3 frilled lizards
  2 goblin zombies (Ossuary)
  9 hobgoblin zombies (Ossuary)
  2 jackal zombies (Ossuary)
  10 kobold zombies (Ossuary)
  9 orc zombies (Ossuary)
  3 rats
153 creatures vanquished.

Notes
Turn   | Place    | Note
-------+----------+-------------------------------------------
     0 | D:1      | Anon1729 the Minotaur Monk began the quest for the Orb.
     0 | D:1      | Reached XP level 1. HP: 19/19 MP: 0/0
    88 | D:1      | Reached XP level 2. HP: 27/27 MP: 1/1
   321 | D:1      | Reached skill level 1 in Armour
   452 | D:1      | Reached XP level 3. HP: 33/33 MP: 2/2
  1523 | D:2      | Reached XP level 4. HP: 30/40 MP: 3/3
  2575 | D:3      | Reached XP level 5. HP: 24/47 MP: 4/4
  3060 | D:3      | Noticed a phantom
  3293 | D:4      | Reached skill level 5 in Axes
  3391 | D:4      | Noticed a black bear
  3424 | D:4      | Killed a black bear
  3425 | D:4      | Reached skill level 5 in Fighting
  3425 | D:4      | Reached XP level 6. HP: 9/56 MP: 5/5
  3511 | D:4      | Paralysed by a kobold for 7 turns
  3520 | D:4      | HP: 2/56 [kobold/+0 short sword (3)]
  4330 | D:5      | Entered Level 5 of the Dungeon
  4338 | D:5      | Reached XP level 7. HP: 14/62 MP: 6/6
  4666 | D:5      | Found a sand-covered staircase.
  4697 | Ossuary  | Entered an ossuary
  5389 | D:5      | HP: 3/63 [orc warrior/+1 trident of pain (12)]
  5391 | D:5      | Reached skill level 5 in Armour
  5764 | D:5      | Reached XP level 8. HP: 71/71 MP: 7/7
  5855 | D:5      | Found a glowing silver altar of Zin.
  5864 | D:5      | Found a radiant altar of Vehumet.
  6158 | D:5      | Killed from afar by an orc priest

Illustrated notes

Levels and vault maps discovered:
D:1:      sevenhm_arrival_forest_fort_large_4, layout_loops_cross
D:2:      layout_basic, chequers_serial_rivers_marsh, minmay_hedge_maze
D:3:      layout_loops_corners, dreamdust_mushroom_princess,
          small_statue_alley_b
D:4:      layout_rooms, minmay_misc_feat_four_crosses, eino_tiny_chamber
D:5:      layout_rooms, mainiacjoe_overflow_swirl, chequers_ossuary_entry_cave,
          serial_shops, nicolae_square_shop, chequers_serial_rivers_room_b,
          st_stairs_14

Skill      XL: |  1  2  3  4  5  6  7 |
---------------+----------------------+-----
Fighting       | 4 5 6 |  6.8
Stealth        | 2 3 4 |  4.6
Axes           | 4 5 6 |  6.9
Armour         | 1 2 3 4 5 |  5.5
Dodging        | |  3.4

Action                   |  1- 3 |  4- 6 |  7- 9 || total
-------------------------+-------+-------+-------++-------
Melee: Hand axe          |   111 |   164 |   207 ||   482
       Headbutt          |    17 |    28 |    38 ||    83
       Punch             |     2 |       |     1 ||     3
Evoke: Wand              |       |     5 |     1 ||     6
  Use: Potion            |       |     3 |       ||     3
 Stab: Sleeping          |     8 |     1 |       ||     9
       Paralysed         |       |     2 |       ||     2
Armor: Robe              |    15 |       |       ||    15
       Ring mail         |     1 |    62 |       ||    63
       Chain mail        |       |    16 |   106 ||   122
       Plate armour      |       |       |    48 ||    48
Dodge: Dodged            |    77 |    90 |    83 ||   250

Table legend: (Time is in decaauts)
 A = Elapsed time spent in this place.
 B = Non-inter-level travel time spent in this place.
 C = Inter-level travel time spent in this place.
 D = Time resting spent in this place.
 E = Time spent auto-exploring this place.
 F = Levels seen in this place.
 G = Mean time per level.
                   A        B        C        D        E       F      G
               +--------+--------+--------+--------+--------+-----+--------+
         Total |   6183 |   6062 |    121 |   1028 |   3891 |   6 | 1030.5 |
       Dungeon |   5765 |   5644 |    121 |   1028 |   3645 |   5 | 1153.0 |
       Ossuary |    418 |    418 |      0 |      0 |    246 |   1 |  418.0 |
               +--------+--------+--------+--------+--------+-----+--------+

Top non-repeatable levels by time:
     D:4: 1930 daAuts
     D:3: 1117 daAuts
     D:2: 1063 daAuts
     D:1: 948 daAuts
     D:5: 705 daAuts
 Ossuary: 418 daAuts
